Senateurs vs Bruins
Created - December 23, 2022 at 19:54
Goals
|
| Senateurs |
0 |
2 |
1 |
3 |
| Bruins |
3 |
1 |
1 |
5 |
|
Shots
|
| Senateurs |
14 |
9 |
14 |
37 |
| Bruins |
19 |
9 |
11 |
39 |
|
1st period
1. Bruins , Casey Cizikas 3 (Josh Manson 2) at 12:26
2. Bruins , Victor Oreskovich 4 (Kevin Hayes 12, Gabriel Landeskog 9) at 15:26
3. Bruins , Jonathan Toews 6 (Brendan Smith 8, Zack Kassian 12) at 19:10 (PP)
Penalties :
Wojtek Wolski (Bos) for Cross-checking (Minor) at 0:25, Sidney Crosby (Ott) for Roughing (Minor) at 5:43, Sidney Crosby (Ott) for Slashing (Minor) at 18:53
2nd period
4. Bruins , Wojtek Wolski 8 (Zack Kassian 13, Jonathan Toews 12) at 0:54
5. Senateurs , Michael Frolik 7 (Sean Bergenheim 15, Jared Cowen 14) at 4:52
6. Senateurs , Sidney Crosby 15 (Michael Frolik 9, Sean Bergenheim 16) at 18:58
Penalties :
Jason Demers (Bos) for Interference (Minor) at 5:42, Kevin Hayes (Bos) for Cross-checking (Minor) at 13:07
3rd period
7. Bruins , Alex Petrovic 1 (Taylor Beck 3, Adam Pelech 1) at 5:10
8. Senateurs , Tim Schaller 6 (Cody Eakin 4, Jason Akeson 7) at 19:05
Penalties :
No Penalty
Goalie Stats
Jonathan Bernier (Ott), 34 saves from 39 shots - (0.872), L, 8-9-1, 60:00 minutes
Kevin Poulin (Bos), 34 saves from 37 shots - (0.919), W, 12-6-2, 60:00 minutes
Players Stats for Senateurs
Player Name G A P +/- PIM S H SB GA TA FO MP PP MP PK MP
------------------------------------------------------------------------------------
Cody Eakin 0 1 1 1 0 0 3 1 0 0 2/5 13:03 0:00 0:42
Eric Gelinas 0 0 0 -1 0 3 0 3 2 0 0/0 22:46 3:09 1:14
Evgeni Malkin 0 0 0 -3 0 5 2 0 1 0 7/19 17:08 2:19 0:38
Garnet Hathaway 0 0 0 -1 0 0 2 0 0 0 0/1 6:37 0:00 0:00
Jared Cowen 0 1 1 2 0 1 0 1 0 1 0/0 21:55 2:48 1:14
Jason Akeson 0 1 1 1 0 0 1 0 0 0 0/0 12:21 0:00 0:00
Jeff Woywitka 0 0 0 -2 0 0 0 1 0 0 0/0 15:20 0:00 0:00
Jordan Martinook 0 0 0 -1 0 0 1 0 0 0 0/0 6:59 0:00 0:30
Jordan Schmaltz 0 0 0 2 0 1 2 2 0 0 0/0 21:54 2:48 1:02
Ladislav Smid 0 0 0 -1 0 2 0 2 0 2 0/0 22:45 3:09 1:02
Michael Frolik 1 1 2 2 0 5 3 1 0 0 3/6 24:11 3:38 1:33
Michael Matheson 0 0 0 -2 0 3 0 3 0 0 0/0 15:20 0:00 0:00
Oliver Bjorkstrand 0 0 0 -3 0 0 0 0 1 0 0/1 16:16 2:19 0:00
Rostislav Olesz 0 0 0 -3 0 5 2 0 1 0 0/0 16:08 2:19 0:00
Sean Bergenheim 0 2 2 2 0 5 3 0 0 1 0/0 22:16 3:38 0:00
Sidney Crosby 1 0 1 2 4 4 1 2 1 0 18/27 22:36 3:38 0:00
Tim Schaller 1 0 1 1 0 3 1 0 1 0 0/0 12:29 0:00 0:00
Tomas Nosek 0 0 0 -1 0 0 0 0 1 1 0/4 7:38 0:00 1:09
Players Stats for Bruins
Player Name G A P +/- PIM S H SB GA TA FO MP PP MP PK MP
------------------------------------------------------------------------------------
Adam Pelech 0 1 1 -1 0 1 1 0 0 0 0/0 13:29 0:00 1:08
Alex Petrovic 1 0 1 -1 0 2 0 0 0 0 0/0 12:52 0:00 0:05
Andreas Athanasiou 0 0 0 1 0 2 0 0 0 0 0/0 7:32 0:01 0:00
Brendan Smith 0 1 1 1 0 2 4 1 0 2 0/0 26:25 1:28 3:15
Casey Cizikas 1 0 1 1 0 3 0 0 0 2 2/4 11:29 0:01 0:23
Gabriel Landeskog 0 1 1 0 0 6 1 0 3 0 0/0 19:32 0:56 2:37
Jason Demers 0 0 0 1 2 2 0 0 2 2 0/0 25:40 1:28 2:07
Jonathan Toews 1 1 2 -1 0 2 1 0 0 1 17/34 19:06 1:19 1:26
Josh Manson 0 1 1 1 0 0 0 2 0 0 0/0 21:14 0:48 2:42
Kevin Hayes 0 1 1 0 2 4 1 1 0 1 10/14 17:05 0:56 0:00
Matt Read 0 0 0 1 0 3 1 1 0 0 0/0 10:33 0:00 0:00
Mikael Backlund 0 0 0 1 0 1 2 0 0 0 2/4 10:35 0:00 2:02
Taylor Beck 0 1 1 1 0 1 1 0 0 0 0/0 8:26 0:00 0:14
Torey Krug 0 0 0 1 0 0 0 2 0 0 0/0 20:43 0:48 2:37
Victor Oreskovich 1 0 1 0 0 1 2 0 0 0 1/1 16:47 0:56 0:00
Wojtek Wolski 1 0 1 -1 2 5 2 2 0 0 0/1 20:12 1:19 1:56
Zach Parise 0 0 0 1 0 0 1 0 0 0 1/1 10:47 0:01 0:00
Zack Kassian 0 2 2 -1 0 4 1 1 0 0 0/4 21:33 1:19 3:16
3 Stars
1 - Michael Frolik (Ott)
2 - Sean Bergenheim (Ott)
3 - Jonathan Toews (Bos)
Power Play
Senateurs - 0 on 3 Attempt(s) - 0.00%
Bruins - 1 on 2 Attempt(s) - 50.00%
Penalty Kill
Senateurs - 1 on 2 Attempt(s) - 50.00%
- Score 0 goal in Penalty Kill
Bruins - 3 on 3 Attempt(s) - 100.00%
- Score 0 goal in Penalty Kill
Team Stat
Senateurs - Hits : 21 - Faceoff Wins : 30 - Blocked Shots : 16 - Penalty Minutes : 4
Bruins - Hits : 18 - Faceoff Wins : 33 - Blocked Shots : 10 - Penalty Minutes : 6
Official
Referees : Dan Kelly and Kyle Rehman
Linesman : Bryan Pancich and Pierre Racicot
Game Notes
No Game Note
Finance
Level 1 -- Attendance: 6000 (100.00%) -- Ticket Income $600,000
Level 2 -- Attendance: 4653 (93.06%) -- Ticket Income $279,180
Level 3 -- Attendance: 2000 (100.00%) -- Ticket Income $70,000
Level 4 -- Attendance: 3916 (97.90%) -- Ticket Income $97,900
Luxury Box -- Attendance: 939 (93.90%) -- Ticket Income $187,800
Game was played at the TD Garden.
Total Attendance: 17508 (97.27%)
Total Ticket Income: $1,234,880
Other Income: $185,232
Total Income: $1,420,112
Senateurs
5 vs 5 Forward
Center Left Wing Right Wing Time % Phy DF OF
1 Sidney Crosby Sean Bergenheim Michael Frolik 40 0 2 3
2 Evgeni Malkin Rostislav Olesz Oliver Bjorkstrand 30 0 2 3
3 Cody Eakin Tim Schaller Jason Akeson 25 0 2 3
4 Tomas Nosek Jordan Martinook Garnet Hathaway 5 0 2 3
5 vs 5 Defense
Defense Defense Time % Phy DF OF
1 Jared Cowen Jordan Schmaltz 35 0 3 2
2 Eric Gelinas Ladislav Smid 35 0 3 2
3 Jeff Woywitka Michael Matheson 30 0 4 1
4 Jared Cowen Eric Gelinas 0 0 3 2
PowerPlay Forward
Center Left Wing Right Wing Time % Phy DF OF
1 Sidney Crosby Sean Bergenheim Michael Frolik 60 0 0 5
2 Evgeni Malkin Rostislav Olesz Oliver Bjorkstrand 40 0 0 5
PowerPlay Defense
Defense Defense Time % Phy DF OF
1 Jared Cowen Jordan Schmaltz 60 0 0 5
2 Eric Gelinas Ladislav Smid 40 0 1 4
Penalty Kill 4 Players Forward
Center Wing Time % Phy DF OF
1 Sidney Crosby Michael Frolik 60 0 5 0
2 Evgeni Malkin Tomas Nosek 40 0 5 0
Penalty Kill 4 Players Defense
Defense Defense Time % Phy DF OF
1 Jared Cowen Eric Gelinas 60 0 5 0
2 Ladislav Smid Jordan Schmaltz 40 0 5 0
Penalty Kill - 3 Players Forward
Forward Time % Phy DF OF
1 Sidney Crosby 60 0 5 0
2 Evgeni Malkin 40 0 5 0
Penalty Kill - 3 Players Defense
Defense Defense Time % Phy DF OF
1 Jared Cowen Ladislav Smid 60 0 5 0
2 Eric Gelinas Jordan Schmaltz 40 0 5 0
4 vs 4 Forward
Center Wing Time % Phy DF OF
1 Sidney Crosby Sean Bergenheim 60 1 2 2
2 Evgeni Malkin Rostislav Olesz 40 1 2 2
4 vs 4 Defense
Defense Defense Time % Phy DF OF
1 Jared Cowen Jordan Schmaltz 60 1 2 2
2 Eric Gelinas Ladislav Smid 40 1 2 2
Last Minutes Offensive
Center Left Wing Right Wing Defense Defense
Sidney Crosby Tim Schaller Michael Frolik Jared Cowen Eric Gelinas
Last Minutes Defensive
Center Left Wing Right Wing Defense Defense
Tomas Nosek Sean Bergenheim Oliver Bjorkstrand Jared Cowen Ladislav Smid
Goaltenders
Starting : Jonathan Bernier
Backup : Brian Elliott
Extra Forwards
Normal : Oliver Bjorkstrand, Sidney Crosby, Tim Schaller - PP : Michael Frolik, Sean Bergenheim - PK : Tomas Nosek
Extra Defensemen
Normal : Eric Gelinas, Michael Matheson, Jeff Woywitka - PP : Jordan Schmaltz - PK : Ladislav Smid, Jared Cowen
Penalty Shots
Sidney Crosby, Evgeni Malkin, Cody Eakin, Tim Schaller, Michael Frolik
Scratches
David Backes (Abdomen/Ribs Injury), Taylor Chorney (Sprained Right Ankle Injury)
Bruins
5 vs 5 Forward
Center Left Wing Right Wing Time % Phy DF OF
1 Jonathan Toews Wojtek Wolski Zack Kassian 40 1 2 2
2 Kevin Hayes Gabriel Landeskog Victor Oreskovich 30 1 2 2
3 Casey Cizikas Zach Parise Matt Read 20 1 2 2
4 Mikael Backlund Taylor Beck Andreas Athanasiou 10 1 2 2
5 vs 5 Defense
Defense Defense Time % Phy DF OF
1 Jason Demers Brendan Smith 40 1 2 2
2 Torey Krug Josh Manson 30 1 2 2
3 Alex Petrovic Adam Pelech 20 1 2 2
4 Jason Demers Brendan Smith 10 1 2 2
PowerPlay Forward
Center Left Wing Right Wing Time % Phy DF OF
1 Jonathan Toews Wojtek Wolski Zack Kassian 60 1 2 2
2 Kevin Hayes Gabriel Landeskog Victor Oreskovich 40 1 2 2
PowerPlay Defense
Defense Defense Time % Phy DF OF
1 Jason Demers Brendan Smith 60 1 2 2
2 Torey Krug Josh Manson 40 1 2 2
Penalty Kill 4 Players Forward
Center Wing Time % Phy DF OF
1 Zack Kassian Wojtek Wolski 60 1 2 2
2 Gabriel Landeskog Jonathan Toews 40 1 2 2
Penalty Kill 4 Players Defense
Defense Defense Time % Phy DF OF
1 Jason Demers Brendan Smith 60 1 2 2
2 Torey Krug Josh Manson 40 1 2 2
Penalty Kill - 3 Players Forward
Forward Time % Phy DF OF
1 Zack Kassian 60 1 2 2
2 Wojtek Wolski 40 1 2 2
Penalty Kill - 3 Players Defense
Defense Defense Time % Phy DF OF
1 Jason Demers Brendan Smith 60 1 2 2
2 Torey Krug Josh Manson 40 1 2 2
4 vs 4 Forward
Center Wing Time % Phy DF OF
1 Zack Kassian Wojtek Wolski 60 1 2 2
2 Gabriel Landeskog Jonathan Toews 40 1 2 2
4 vs 4 Defense
Defense Defense Time % Phy DF OF
1 Jason Demers Brendan Smith 60 1 2 2
2 Torey Krug Josh Manson 40 1 2 2
Last Minutes Offensive
Center Left Wing Right Wing Defense Defense
Jonathan Toews Wojtek Wolski Zack Kassian Jason Demers Brendan Smith
Last Minutes Defensive
Center Left Wing Right Wing Defense Defense
Jonathan Toews Wojtek Wolski Zack Kassian Jason Demers Brendan Smith
Goaltenders
Starting : Kevin Poulin
Backup : Keith Kinkaid
Extra Forwards
Normal : Zach Parise, Casey Cizikas, Mikael Backlund - PP : Zach Parise, Casey Cizikas - PK : Mikael Backlund
Extra Defensemen
Normal : Alex Petrovic, Adam Pelech, Torey Krug - PP : Alex Petrovic - PK : Adam Pelech, Torey Krug
Penalty Shots
Zack Kassian, Wojtek Wolski, Gabriel Landeskog, Jonathan Toews, Zach Parise
Scratches
Madison Bowey (Right Wrist Injury)
% Time on Ice - Senateurs
Lines # - Real PCT - Wanted PCT - Time Play
Normal Forward
1 - 37% - 40% - 19:08
2 - 27% - 30% - 13:49
3 - 24% - 25% - 12:21
4 - 13% - 5% - 6:29
Normal Defense
1 - 34% - 35% - 17:42
2 - 36% - 35% - 18:34
3 - 30% - 30% - 15:20
4 - 0% - 0% - 0:11
PP Forward
1 - 61% - 60% - 3:38
2 - 39% - 40% - 2:19
PP Defense
1 - 47% - 60% - 2:48
2 - 53% - 40% - 3:09
PK Forward
1 - 90% - 60% - 2:03
2 - 10% - 40% - 0:13
PK Defense
1 - 54% - 60% - 1:14
2 - 46% - 40% - 1:02
PK3 Forward
1 - 0% - 60%
2 - 0% - 40%
PK3 Defense
1 - 0% - 60%
2 - 0% - 40%
44 Forward
1 - 0% - 60%
2 - 0% - 40%
44 Defense
1 - 0% - 60%
2 - 0% - 40%
Last Minute Offensive - 0:00
Last Minute Defensive - 0:00
Total
Forward - 60:00
Defense - 60:00
|
% Time on Ice - Bruins
Lines # - Real PCT - Wanted PCT - Time Play
Normal Forward
1 - 34% - 40% - 17:43
2 - 31% - 30% - 16:02
3 - 20% - 20% - 10:33
4 - 14% - 10% - 7:29
Normal Defense
1 - 39% - 40% - 20:12
2 - 33% - 30% - 17:11
3 - 23% - 20% - 12:04
4 - 5% - 10% - 2:20
PP Forward
1 - 59% - 60% - 1:20
2 - 41% - 40% - 0:56
PP Defense
1 - 65% - 60% - 1:28
2 - 35% - 40% - 0:48
PK Forward
1 - 76% - 60% - 4:31
2 - 24% - 40% - 1:26
PK Defense
1 - 56% - 60% - 3:20
2 - 44% - 40% - 2:37
PK3 Forward
1 - 0% - 60%
2 - 0% - 40%
PK3 Defense
1 - 0% - 60%
2 - 0% - 40%
44 Forward
1 - 0% - 60%
2 - 0% - 40%
44 Defense
1 - 0% - 60%
2 - 0% - 40%
Last Minute Offensive - 0:00
Last Minute Defensive - 0:00
Total
Forward - 60:00
Defense - 60:00
|
Play-by-Play
1st period
0:01 of 1st period - Sidney Crosby wins face-off versus Jonathan Toews in neutral zone.
0:03 of 1st period - Off-side.
0:04 of 1st period - Sidney Crosby wins face-off versus Jonathan Toews in neutral zone.
0:15 of 1st period - Snap shot by Sean Bergenheim.
0:15 of 1st period - Shot Misses the Net.
0:17 of 1st period - Slapshot by Jared Cowen.
0:17 of 1st period - Deflect By Jonathan Toews.
0:17 of 1st period - Stopped by Kevin Poulin with a rebound.
0:25 of 1st period - Minor Penalty to Wojtek Wolski for Cross-checking.
0:26 of 1st period - Sidney Crosby wins face-off versus Zack Kassian in Bruins zone.
1:07 of 1st period - Snap shot by Gabriel Landeskog.
1:07 of 1st period - Shot Blocked by Jared Cowen.
1:35 of 1st period - Torey Krug is hit by Michael Frolik and loses puck.
1:43 of 1st period - Icing by Eric Gelinas.
1:44 of 1st period - Mikael Backlund wins face-off versus Michael Frolik in Senateurs zone.
1:47 of 1st period - Wrist shot by Jonathan Toews.
1:47 of 1st period - Shot Misses the Net.
2:09 of 1st period - Slapshot by Sidney Crosby.
2:09 of 1st period - Stopped by Kevin Poulin with a rebound.
2:13 of 1st period - Wrist shot by Michael Frolik.
2:13 of 1st period - Stopped by Kevin Poulin with a rebound.
2:25 of 1st period - Penalty to Wojtek Wolski is over, Wojtek Wolski is back on ice.
2:29 of 1st period - Slapshot by Sean Bergenheim.
2:29 of 1st period - Stopped by Kevin Poulin with a rebound.
2:31 of 1st period - Slapshot by Eric Gelinas.
2:31 of 1st period - Stopped by Kevin Poulin with a rebound.
2:47 of 1st period - Wrist shot by Michael Frolik.
2:47 of 1st period - Shot Misses the Net.
2:49 of 1st period - Snap shot by Ladislav Smid.
2:49 of 1st period - Stopped by Kevin Poulin with a rebound.
2:51 of 1st period - Backhand shot by Eric Gelinas.
2:51 of 1st period - Shot Blocked by Josh Manson.
2:59 of 1st period - Slapshot by Michael Frolik.
2:59 of 1st period - Shot Blocked by Wojtek Wolski.
3:01 of 1st period - Snap shot by Sean Bergenheim.
3:01 of 1st period - Stopped by Kevin Poulin without a rebound.
3:02 of 1st period - Kevin Hayes wins face-off versus Evgeni Malkin in Bruins zone.
3:02 of 1st period - Kevin Hayes is hit by Rostislav Olesz.
3:05 of 1st period - Icing by Gabriel Landeskog.
3:06 of 1st period - Evgeni Malkin wins face-off versus Kevin Hayes in Bruins zone.
4:18 of 1st period - Snap shot by Evgeni Malkin.
4:18 of 1st period - Stopped by Kevin Poulin with a rebound.
4:20 of 1st period - Wrist shot by Jordan Schmaltz.
4:20 of 1st period - Stopped by Kevin Poulin with a rebound.
4:22 of 1st period - Wrist shot by Evgeni Malkin.
4:22 of 1st period - Stopped by Kevin Poulin without a rebound.
4:23 of 1st period - Zach Parise wins face-off versus Cody Eakin in Bruins zone.
4:30 of 1st period - Slapshot by Torey Krug.
4:30 of 1st period - Deflect By Matt Read.
4:30 of 1st period - Stopped by Jonathan Bernier with a rebound.
4:32 of 1st period - Snap shot by Matt Read.
4:32 of 1st period - Stopped by Jonathan Bernier without a rebound.
4:33 of 1st period - Cody Eakin wins face-off versus Casey Cizikas in Senateurs zone.
5:31 of 1st period - Wrist shot by Casey Cizikas.
5:31 of 1st period - Stopped by Jonathan Bernier without a rebound.
5:32 of 1st period - Jonathan Toews wins face-off versus Sidney Crosby in Senateurs zone.
5:43 of 1st period - Minor Penalty to Sidney Crosby for Roughing.
5:44 of 1st period - Jonathan Toews wins face-off versus Tomas Nosek in Senateurs zone.
5:44 of 1st period - Snap shot by Zack Kassian.
5:44 of 1st period - Shot Misses the Net.
7:43 of 1st period - Penalty to Sidney Crosby is over, Sidney Crosby is back on ice.
7:50 of 1st period - Snap shot by Mikael Backlund.
7:50 of 1st period - Shot Blocked by Sidney Crosby.
8:04 of 1st period - Snap shot by Evgeni Malkin.
8:04 of 1st period - Stopped by Kevin Poulin without a rebound.
8:05 of 1st period - Cody Eakin wins face-off versus Casey Cizikas in Bruins zone.
8:14 of 1st period - Wrist shot by Cody Eakin.
8:14 of 1st period - Shot Misses the Net.
8:30 of 1st period - Tomas Nosek is hit by Adam Pelech and loses puck.
8:41 of 1st period - Snap shot by Mikael Backlund.
8:41 of 1st period - Stopped by Jonathan Bernier with a rebound.
9:09 of 1st period - Snap shot by Cody Eakin.
9:09 of 1st period - Deflect By Tim Schaller.
9:09 of 1st period - Stopped by Kevin Poulin with a rebound.
9:11 of 1st period - Slapshot by Eric Gelinas.
9:11 of 1st period - Stopped by Kevin Poulin without a rebound.
9:12 of 1st period - Kevin Hayes wins face-off versus Garnet Hathaway in Bruins zone.
9:25 of 1st period - Jordan Schmaltz is hit by Brendan Smith and loses puck.
9:40 of 1st period - Snap shot by Kevin Hayes.
9:40 of 1st period - Stopped by Jonathan Bernier without a rebound.
9:41 of 1st period - Sidney Crosby wins face-off versus Jonathan Toews in Senateurs zone.
9:58 of 1st period - Snap shot by Wojtek Wolski.
9:58 of 1st period - Stopped by Jonathan Bernier with a rebound.
10:29 of 1st period - Snap shot by Gabriel Landeskog.
10:29 of 1st period - Shot Misses the Net.
10:31 of 1st period - Wrist shot by Victor Oreskovich.
10:31 of 1st period - Shot Misses the Net.
10:33 of 1st period - Slapshot by Gabriel Landeskog.
10:33 of 1st period - Stopped by Jonathan Bernier with a rebound.
10:35 of 1st period - Snap shot by Kevin Hayes.
10:35 of 1st period - Shot Blocked by Cody Eakin.
10:59 of 1st period - Zack Kassian is hit by Sean Bergenheim and loses puck.
12:06 of 1st period - Snap shot by Wojtek Wolski.
12:06 of 1st period - Stopped by Jonathan Bernier with a rebound.
12:26 of 1st period - Slapshot by Casey Cizikas.
12:26 of 1st period - Deflect By Jeff Woywitka.
12:26 of 1st period - Goal by Casey Cizikas - Senateurs : 0 - Bruins : 1.
12:27 of 1st period - Sidney Crosby wins face-off versus Jonathan Toews in neutral zone.
12:36 of 1st period - Wrist shot by Zack Kassian.
12:36 of 1st period - Stopped by Jonathan Bernier without a rebound.
12:37 of 1st period - Jonathan Toews wins face-off versus Michael Frolik in Senateurs zone.
12:38 of 1st period - Snap shot by Wojtek Wolski.
12:38 of 1st period - Shot Misses the Net.
12:40 of 1st period - Wrist shot by Zack Kassian.
12:40 of 1st period - Shot Misses the Net.
13:10 of 1st period - Snap shot by Wojtek Wolski.
13:10 of 1st period - Stopped by Jonathan Bernier without a rebound.
13:11 of 1st period - Kevin Hayes wins face-off versus Evgeni Malkin in Senateurs zone.
13:38 of 1st period - Brendan Smith is hit by Jason Akeson.
14:28 of 1st period - Slapshot by Eric Gelinas.
14:28 of 1st period - Deflect By Sidney Crosby.
14:28 of 1st period - Shot Blocked by Kevin Hayes.
14:28 of 1st period - Puck is out of play.
14:29 of 1st period - Jonathan Toews wins face-off versus Evgeni Malkin in Bruins zone.
14:33 of 1st period - Off-side.
14:34 of 1st period - Jonathan Toews wins face-off versus Evgeni Malkin in neutral zone.
14:46 of 1st period - Jared Cowen is hit by Jonathan Toews and loses puck.
15:06 of 1st period - Icing by Sean Bergenheim.
15:07 of 1st period - Kevin Hayes wins face-off versus Sidney Crosby in Senateurs zone.
15:10 of 1st period - Snap shot by Gabriel Landeskog.
15:10 of 1st period - Shot Misses the Net.
15:12 of 1st period - Slapshot by Jason Demers.
15:12 of 1st period - Stopped by Jonathan Bernier with a rebound.
15:14 of 1st period - Snap shot by Gabriel Landeskog.
15:14 of 1st period - Stopped by Jonathan Bernier without a rebound.
15:15 of 1st period - Kevin Hayes wins face-off versus Oliver Bjorkstrand in Senateurs zone.
15:22 of 1st period - Slapshot by Gabriel Landeskog.
15:22 of 1st period - Stopped by Jonathan Bernier with a rebound.
15:24 of 1st period - Wrist shot by Kevin Hayes.
15:24 of 1st period - Stopped by Jonathan Bernier with a rebound.
15:26 of 1st period - Slapshot by Victor Oreskovich.
15:26 of 1st period - Goal by Victor Oreskovich - Senateurs : 0 - Bruins : 2.
15:27 of 1st period - Evgeni Malkin wins face-off versus Jonathan Toews in neutral zone.
15:30 of 1st period - Brendan Smith is hit by Evgeni Malkin.
15:36 of 1st period - Wrist shot by Wojtek Wolski.
15:36 of 1st period - Shot Misses the Net.
15:38 of 1st period - Wrist shot by Zack Kassian.
15:38 of 1st period - Shot Hit the Post.
15:40 of 1st period - Slapshot by Jason Demers.
15:40 of 1st period - Shot Blocked by Jordan Schmaltz.
15:42 of 1st period - Slapshot by Jonathan Toews.
15:42 of 1st period - Stopped by Jonathan Bernier with a rebound.
15:54 of 1st period - Gabriel Landeskog is hit by Sean Bergenheim and loses puck.
16:25 of 1st period - Snap shot by Casey Cizikas.
16:25 of 1st period - Stopped by Jonathan Bernier without a rebound.
16:26 of 1st period - Jonathan Toews wins face-off versus Evgeni Malkin in Senateurs zone.
16:39 of 1st period - Alex Petrovic is hit by Rostislav Olesz.
16:53 of 1st period - Alex Petrovic is hit by Jordan Schmaltz and loses puck.
17:59 of 1st period - Josh Manson is hit by Evgeni Malkin and loses puck.
18:53 of 1st period - Minor Penalty to Sidney Crosby for Slashing.
18:54 of 1st period - Jonathan Toews wins face-off versus Tomas Nosek in Senateurs zone.
19:10 of 1st period - Snap shot by Jonathan Toews.
19:10 of 1st period - Goal by Jonathan Toews - Senateurs : 0 - Bruins : 3.
19:11 of 1st period - Sidney Crosby wins face-off versus Zack Kassian in neutral zone.
19:24 of 1st period - Backhand shot by Sidney Crosby.
19:24 of 1st period - Shot Misses the Net.
19:26 of 1st period - Wrist shot by Sean Bergenheim.
19:26 of 1st period - Stopped by Kevin Poulin with a rebound.
Goals for this period are 0 for Senateurs vs 3 for Bruins.
Shots for this period are 14 for Senateurs vs 19 for Bruins.
2nd period
0:01 of 2nd period - Sidney Crosby wins face-off versus Jonathan Toews in neutral zone.
0:34 of 2nd period - Wrist shot by Zach Parise.
0:34 of 2nd period - Shot Misses the Net.
0:36 of 2nd period - Slapshot by Alex Petrovic.
0:36 of 2nd period - Shot Misses the Net.
0:38 of 2nd period - Slapshot by Alex Petrovic.
0:38 of 2nd period - Stopped by Jonathan Bernier without a rebound.
0:39 of 2nd period - Jonathan Toews wins face-off versus Evgeni Malkin in Senateurs zone.
0:42 of 2nd period - Wrist shot by Zack Kassian.
0:42 of 2nd period - Shot Blocked by Eric Gelinas.
0:54 of 2nd period - Snap shot by Wojtek Wolski.
0:54 of 2nd period - Goal by Wojtek Wolski - Senateurs : 0 - Bruins : 4.
0:55 of 2nd period - Sidney Crosby wins face-off versus Jonathan Toews in neutral zone.
1:02 of 2nd period - Snap shot by Sean Bergenheim.
1:02 of 2nd period - Stopped by Kevin Poulin with a rebound.
1:08 of 2nd period - Snap shot by Jason Demers.
1:08 of 2nd period - Shot Blocked by Michael Matheson.
1:22 of 2nd period - Jeff Woywitka is hit by Mikael Backlund and loses puck.
1:51 of 2nd period - Slapshot by Rostislav Olesz.
1:51 of 2nd period - Stopped by Kevin Poulin without a rebound.
1:52 of 2nd period - Jonathan Toews wins face-off versus Evgeni Malkin in Bruins zone.
2:41 of 2nd period - Casey Cizikas is hit by Jordan Schmaltz.
3:01 of 2nd period - Andreas Athanasiou is hit by Sean Bergenheim and loses puck.
3:12 of 2nd period - Wrist shot by Sidney Crosby.
3:12 of 2nd period - Deflect By Andreas Athanasiou.
3:12 of 2nd period - Shot Misses the Net.
3:12 of 2nd period - Puck is out of play.
3:13 of 2nd period - Evgeni Malkin wins face-off versus Jonathan Toews in Bruins zone.
3:14 of 2nd period - Wrist shot by Rostislav Olesz.
3:14 of 2nd period - Shot Misses the Net.
3:26 of 2nd period - Slapshot by Evgeni Malkin.
3:26 of 2nd period - Stopped by Kevin Poulin with a rebound.
3:28 of 2nd period - Snap shot by Evgeni Malkin.
3:28 of 2nd period - Deflect By Rostislav Olesz.
3:28 of 2nd period - Shot Blocked by Zack Kassian.
3:28 of 2nd period - Puck is out of play.
3:29 of 2nd period - Kevin Hayes wins face-off versus Sidney Crosby in Bruins zone.
4:00 of 2nd period - Off-side.
4:01 of 2nd period - Jonathan Toews wins face-off versus Evgeni Malkin in neutral zone.
4:36 of 2nd period - Off-side.
4:37 of 2nd period - Sidney Crosby wins face-off versus Jonathan Toews in neutral zone.
4:52 of 2nd period - Snap shot by Michael Frolik.
4:52 of 2nd period - Goal by Michael Frolik - Senateurs : 1 - Bruins : 4.
4:53 of 2nd period - Evgeni Malkin wins face-off versus Jonathan Toews in neutral zone.
5:04 of 2nd period - Slapshot by Brendan Smith.
5:04 of 2nd period - Stopped by Jonathan Bernier without a rebound.
5:05 of 2nd period - Jonathan Toews wins face-off versus Sidney Crosby in Senateurs zone.
5:42 of 2nd period - Minor Penalty to Jason Demers for Interference.
5:43 of 2nd period - Sidney Crosby wins face-off versus Zack Kassian in Bruins zone.
5:51 of 2nd period - Snap shot by Zack Kassian.
5:51 of 2nd period - Stopped by Jonathan Bernier with a rebound.
6:41 of 2nd period - Evgeni Malkin is hit by Wojtek Wolski and loses puck.
7:42 of 2nd period - Penalty to Jason Demers is over, Jason Demers is back on ice.
7:48 of 2nd period - Taylor Beck is hit by Jordan Martinook and loses puck.
8:11 of 2nd period - Wrist shot by Tim Schaller.
8:11 of 2nd period - Shot Misses the Net.
8:13 of 2nd period - Slapshot by Michael Matheson.
8:13 of 2nd period - Stopped by Kevin Poulin with a rebound.
8:37 of 2nd period - Tomas Nosek is hit by Brendan Smith and loses puck.
9:57 of 2nd period - Adam Pelech is hit by Tim Schaller and loses puck.
10:14 of 2nd period - Cody Eakin is hit by Victor Oreskovich and loses puck.
10:38 of 2nd period - Wrist shot by Kevin Hayes.
10:38 of 2nd period - Stopped by Jonathan Bernier with a rebound.
10:40 of 2nd period - Wrist shot by Gabriel Landeskog.
10:40 of 2nd period - Shot Misses the Net.
10:42 of 2nd period - Slapshot by Torey Krug.
10:42 of 2nd period - Shot Blocked by Ladislav Smid.
10:44 of 2nd period - Slapshot by Adam Pelech.
10:44 of 2nd period - Stopped by Jonathan Bernier without a rebound.
10:45 of 2nd period - Sidney Crosby wins face-off versus Jonathan Toews in Senateurs zone.
11:10 of 2nd period - Evgeni Malkin is hit by Zach Parise and loses puck.
11:31 of 2nd period - Snap shot by Eric Gelinas.
11:31 of 2nd period - Stopped by Kevin Poulin without a rebound.
11:32 of 2nd period - Mikael Backlund wins face-off versus Tomas Nosek in Bruins zone.
12:04 of 2nd period - Michael Frolik is hit by Wojtek Wolski.
12:12 of 2nd period - Zack Kassian is hit by Michael Frolik and loses puck.
13:07 of 2nd period - Minor Penalty to Kevin Hayes for Cross-checking.
13:08 of 2nd period - Sidney Crosby wins face-off versus Zack Kassian in Bruins zone.
14:22 of 2nd period - Mikael Backlund is hit by Sidney Crosby.
15:07 of 2nd period - Penalty to Kevin Hayes is over, Kevin Hayes is back on ice.
15:12 of 2nd period - Kevin Hayes is hit by Cody Eakin and loses puck.
15:25 of 2nd period - Slapshot by Tim Schaller.
15:25 of 2nd period - Stopped by Kevin Poulin without a rebound.
15:26 of 2nd period - Casey Cizikas wins face-off versus Tomas Nosek in Bruins zone.
15:35 of 2nd period - Wrist shot by Casey Cizikas.
15:35 of 2nd period - Shot Blocked by Michael Matheson.
15:37 of 2nd period - Snap shot by Zach Parise.
15:37 of 2nd period - Shot Blocked by Jeff Woywitka.
15:51 of 2nd period - Michael Matheson is hit by Taylor Beck and loses puck.
16:18 of 2nd period - Rostislav Olesz is hit by Victor Oreskovich and loses puck.
16:31 of 2nd period - Wrist shot by Zack Kassian.
16:31 of 2nd period - Stopped by Jonathan Bernier without a rebound.
16:32 of 2nd period - Jonathan Toews wins face-off versus Sidney Crosby in Senateurs zone.
17:00 of 2nd period - Snap shot by Zack Kassian.
17:00 of 2nd period - Shot Blocked by Sidney Crosby.
17:02 of 2nd period - Snap shot by Wojtek Wolski.
17:02 of 2nd period - Shot Misses the Net.
17:04 of 2nd period - Slapshot by Brendan Smith.
17:04 of 2nd period - Stopped by Jonathan Bernier without a rebound.
17:05 of 2nd period - Victor Oreskovich wins face-off versus Evgeni Malkin in Senateurs zone.
17:06 of 2nd period - Slapshot by Gabriel Landeskog.
17:06 of 2nd period - Stopped by Jonathan Bernier without a rebound.
17:07 of 2nd period - Evgeni Malkin wins face-off versus Kevin Hayes in Senateurs zone.
17:07 of 2nd period - Evgeni Malkin is hit by Kevin Hayes.
17:17 of 2nd period - Backhand shot by Rostislav Olesz.
17:17 of 2nd period - Stopped by Kevin Poulin without a rebound.
17:18 of 2nd period - Sidney Crosby wins face-off versus Jonathan Toews in Bruins zone.
18:07 of 2nd period - Zach Parise is hit by Cody Eakin.
18:30 of 2nd period - Wrist shot by Andreas Athanasiou.
18:30 of 2nd period - Deflect By Taylor Beck.
18:30 of 2nd period - Shot Blocked by Michael Frolik.
18:30 of 2nd period - Puck is out of play.
18:31 of 2nd period - Jonathan Toews wins face-off versus Sidney Crosby in Senateurs zone.
18:56 of 2nd period - Snap shot by Michael Frolik.
18:56 of 2nd period - Shot Blocked by Wojtek Wolski.
18:58 of 2nd period - Backhand shot by Sidney Crosby.
18:58 of 2nd period - Goal by Sidney Crosby - Senateurs : 2 - Bruins : 4.
18:59 of 2nd period - Jonathan Toews wins face-off versus Michael Frolik in neutral zone.
19:22 of 2nd period - Icing by Michael Frolik.
19:23 of 2nd period - Kevin Hayes wins face-off versus Sidney Crosby in Senateurs zone.
19:24 of 2nd period - Wrist shot by Gabriel Landeskog.
19:24 of 2nd period - Shot Misses the Net.
19:26 of 2nd period - Slapshot by Torey Krug.
19:26 of 2nd period - Shot Blocked by Ladislav Smid.
19:28 of 2nd period - Snap shot by Victor Oreskovich.
19:28 of 2nd period - Shot Misses the Net.
19:52 of 2nd period - Off-side.
19:53 of 2nd period - Jonathan Toews wins face-off versus Evgeni Malkin in neutral zone.
Goals for this period are 2 for Senateurs vs 1 for Bruins.
Shots for this period are 9 for Senateurs vs 9 for Bruins.
3rd period
0:01 of 3rd period - Sidney Crosby wins face-off versus Jonathan Toews in neutral zone.
0:27 of 3rd period - Evgeni Malkin is hit by Matt Read and loses puck.
0:36 of 3rd period - Snap shot by Matt Read.
0:36 of 3rd period - Stopped by Jonathan Bernier without a rebound.
0:37 of 3rd period - Evgeni Malkin wins face-off versus Kevin Hayes in Senateurs zone.
0:46 of 3rd period - Slapshot by Josh Manson.
0:46 of 3rd period - Shot Blocked by Michael Matheson.
2:10 of 3rd period - Slapshot by Sidney Crosby.
2:10 of 3rd period - Deflect By Michael Frolik.
2:10 of 3rd period - Stopped by Kevin Poulin without a rebound.
2:11 of 3rd period - Sidney Crosby wins face-off versus Kevin Hayes in Bruins zone.
2:12 of 3rd period - Snap shot by Michael Frolik.
2:12 of 3rd period - Stopped by Kevin Poulin with a rebound.
2:37 of 3rd period - Sean Bergenheim is hit by Gabriel Landeskog and loses puck.
2:48 of 3rd period - Snap shot by Gabriel Landeskog.
2:48 of 3rd period - Stopped by Jonathan Bernier without a rebound.
2:49 of 3rd period - Jonathan Toews wins face-off versus Evgeni Malkin in Senateurs zone.
2:50 of 3rd period - Snap shot by Zack Kassian.
2:50 of 3rd period - Stopped by Jonathan Bernier with a rebound.
2:56 of 3rd period - Snap shot by Evgeni Malkin.
2:56 of 3rd period - Shot Misses the Net.
2:58 of 3rd period - Slapshot by Michael Matheson.
2:58 of 3rd period - Shot Misses the Net.
3:02 of 3rd period - Snap shot by Rostislav Olesz.
3:02 of 3rd period - Shot Misses the Net.
3:04 of 3rd period - Snap shot by Evgeni Malkin.
3:04 of 3rd period - Shot Blocked by Brendan Smith.
4:03 of 3rd period - Snap shot by Kevin Hayes.
4:03 of 3rd period - Shot Blocked by Jordan Schmaltz.
4:05 of 3rd period - Snap shot by Victor Oreskovich.
4:05 of 3rd period - Shot Misses the Net.
4:27 of 3rd period - Wrist shot by Sean Bergenheim.
4:27 of 3rd period - Shot Misses the Net.
5:06 of 3rd period - Wrist shot by Taylor Beck.
5:06 of 3rd period - Shot Blocked by Eric Gelinas.
5:08 of 3rd period - Wrist shot by Alex Petrovic.
5:08 of 3rd period - Shot Blocked by Eric Gelinas.
5:10 of 3rd period - Slapshot by Alex Petrovic.
5:10 of 3rd period - Goal by Alex Petrovic - Senateurs : 2 - Bruins : 5.
5:11 of 3rd period - Michael Frolik wins face-off versus Jonathan Toews in neutral zone.
6:22 of 3rd period - Slapshot by Jason Demers.
6:22 of 3rd period - Stopped by Jonathan Bernier without a rebound.
6:23 of 3rd period - Sidney Crosby wins face-off versus Mikael Backlund in Senateurs zone.
6:23 of 3rd period - Sidney Crosby is hit by Mikael Backlund.
6:29 of 3rd period - Snap shot by Michael Frolik.
6:29 of 3rd period - Shot Misses the Net.
6:31 of 3rd period - Slapshot by Ladislav Smid.
6:31 of 3rd period - Stopped by Kevin Poulin with a rebound.
6:33 of 3rd period - Wrist shot by Michael Frolik.
6:33 of 3rd period - Shot Blocked by Josh Manson.
6:35 of 3rd period - Slapshot by Ladislav Smid.
6:35 of 3rd period - Shot Blocked by Torey Krug.
6:37 of 3rd period - Snap shot by Michael Frolik.
6:37 of 3rd period - Shot Misses the Net.
6:39 of 3rd period - Snap shot by Michael Frolik.
6:39 of 3rd period - Shot Blocked by Torey Krug.
7:57 of 3rd period - Snap shot by Taylor Beck.
7:57 of 3rd period - Stopped by Jonathan Bernier without a rebound.
7:58 of 3rd period - Sidney Crosby wins face-off versus Mikael Backlund in Senateurs zone.
7:58 of 3rd period - Sidney Crosby is hit by Brendan Smith.
8:14 of 3rd period - Snap shot by Sidney Crosby.
8:14 of 3rd period - Stopped by Kevin Poulin with a rebound.
8:24 of 3rd period - Rostislav Olesz is hit by Zack Kassian and loses puck.
8:50 of 3rd period - Off-side.
8:51 of 3rd period - Kevin Hayes wins face-off versus Cody Eakin in neutral zone.
9:22 of 3rd period - Snap shot by Torey Krug.
9:22 of 3rd period - Shot Misses the Net.
9:24 of 3rd period - Snap shot by Wojtek Wolski.
9:24 of 3rd period - Stopped by Jonathan Bernier without a rebound.
9:25 of 3rd period - Sidney Crosby wins face-off versus Wojtek Wolski in Senateurs zone.
10:22 of 3rd period - Wrist shot by Garnet Hathaway.
10:22 of 3rd period - Shot Misses the Net.
10:24 of 3rd period - Slapshot by Eric Gelinas.
10:24 of 3rd period - Shot Blocked by Matt Read.
11:44 of 3rd period - Wrist shot by Andreas Athanasiou.
11:44 of 3rd period - Stopped by Jonathan Bernier with a rebound.
11:46 of 3rd period - Wrist shot by Andreas Athanasiou.
11:46 of 3rd period - Stopped by Jonathan Bernier with a rebound.
12:53 of 3rd period - Garnet Hathaway is hit by Brendan Smith and loses puck.
13:18 of 3rd period - Matt Read is hit by Garnet Hathaway and loses puck.
14:02 of 3rd period - Snap shot by Rostislav Olesz.
14:02 of 3rd period - Stopped by Kevin Poulin with a rebound.
14:37 of 3rd period - Casey Cizikas is hit by Michael Frolik and loses puck.
15:23 of 3rd period - Zack Kassian is hit by Garnet Hathaway and loses puck.
16:06 of 3rd period - Wrist shot by Casey Cizikas.
16:06 of 3rd period - Shot Misses the Net.
16:08 of 3rd period - Wrist shot by Zach Parise.
16:08 of 3rd period - Shot Misses the Net.
16:33 of 3rd period - Icing by Eric Gelinas.
16:34 of 3rd period - Evgeni Malkin wins face-off versus Jonathan Toews in Senateurs zone.
16:41 of 3rd period - Slapshot by Rostislav Olesz.
16:41 of 3rd period - Stopped by Kevin Poulin with a rebound.
16:45 of 3rd period - Wrist shot by Evgeni Malkin.
16:45 of 3rd period - Stopped by Kevin Poulin without a rebound.
16:46 of 3rd period - Michael Frolik wins face-off versus Jonathan Toews in Bruins zone.
16:47 of 3rd period - Snap shot by Sean Bergenheim.
16:47 of 3rd period - Stopped by Kevin Poulin with a rebound.
16:49 of 3rd period - Slapshot by Michael Matheson.
16:49 of 3rd period - Stopped by Kevin Poulin with a rebound.
16:51 of 3rd period - Snap shot by Michael Frolik.
16:51 of 3rd period - Deflect By Sidney Crosby.
16:51 of 3rd period - Stopped by Kevin Poulin without a rebound.
16:52 of 3rd period - Jonathan Toews wins face-off versus Sidney Crosby in Bruins zone.
17:24 of 3rd period - Snap shot by Rostislav Olesz.
17:24 of 3rd period - Stopped by Kevin Poulin without a rebound.
17:25 of 3rd period - Kevin Hayes wins face-off versus Evgeni Malkin in Bruins zone.
17:36 of 3rd period - Snap shot by Gabriel Landeskog.
17:36 of 3rd period - Deflect By Victor Oreskovich.
17:36 of 3rd period - Shot Misses the Net.
17:36 of 3rd period - Puck is out of play.
17:37 of 3rd period - Michael Frolik wins face-off versus Jonathan Toews in Senateurs zone.
17:44 of 3rd period - Snap shot by Michael Frolik.
17:44 of 3rd period - Deflect By Jonathan Toews.
17:44 of 3rd period - Stopped by Kevin Poulin with a rebound.
17:46 of 3rd period - Snap shot by Jeff Woywitka.
17:46 of 3rd period - Shot Misses the Net.
17:48 of 3rd period - Slapshot by Michael Matheson.
17:48 of 3rd period - Stopped by Kevin Poulin with a rebound.
18:04 of 3rd period - Kevin Hayes is hit by Cody Eakin.
18:05 of 3rd period - Icing by Kevin Hayes.
18:06 of 3rd period - Kevin Hayes wins face-off versus Cody Eakin in Bruins zone.
18:21 of 3rd period - Wrist shot by Gabriel Landeskog.
18:21 of 3rd period - Stopped by Jonathan Bernier with a rebound.
18:37 of 3rd period - Snap shot by Kevin Hayes.
18:37 of 3rd period - Stopped by Jonathan Bernier with a rebound.
19:05 of 3rd period - Snap shot by Cody Eakin.
19:05 of 3rd period - Deflect By Tim Schaller.
19:05 of 3rd period - Goal by Tim Schaller - Senateurs : 3 - Bruins : 5.
19:06 of 3rd period - Casey Cizikas wins face-off versus Sidney Crosby in neutral zone.
Goals for this period are 1 for Senateurs vs 1 for Bruins.
Shots for this period are 14 for Senateurs vs 11 for Bruins.